[ AOE2 MATCH · #506671306 ]
UnrankedMalians vs Vikings
Player's team · WIN
Rival team · LOSS
[ REPLAY ANALYSIS · EXTRACTED FROM THE RECORDED GAME ]
Feudal
11:46
Castle
—
Imperial
—
| APM avg | 50.5 |
| APM peak | 83 |
| eAPM avg | 20.3 |
| Villagers / military | 32 / 4 |
Focus
⚔️ 44.8% · 🌾 55.2%
Archer ×4
Feudal
—
Castle
—
Imperial
—
| APM avg | 40.7 |
| APM peak | 72 |
| eAPM avg | 12.8 |
| Villagers / military | 35 / 0 |
Focus
⚔️ 33.5% · 🌾 66.5%
Match map
Initial resources + every placement click. Lines = walls · curves = elevation contours. ◆ gold · ⬟ stone · ● berries · ✦ relic · ◌ wall gap
Your base· Open — unwalled flank
MatzeAoE's base· Open — unwalled flank
Smoothed initial terrain · ◌ = detected wall gap · hover for details
Inputs per minute
— Villese - - MatzeAoE
Build order — Villese
61 actions detected in the replay
| 0:01 | Queue | Villager (Male) |
| 0:01 | Queue | Villager (Male) |
| 0:02 | Build | House |
| 0:03 | Build | House |
| 0:12 | Queue | Villager (Male) |
| 0:33 | Queue | Villager (Male) |
| 1:29 | Queue | Villager (Male) |
| 1:53 | Build | Lumber Camp |
| 1:57 | Queue | Villager (Male) |
| 2:27 | Queue | Villager (Male) |
| 2:52 | Queue | Villager (Male) |
| 3:01 | Queue | Villager (Male) |
| 3:39 | Queue | Villager (Male) |
| 3:50 | Build | House |
| 4:01 | Queue | Villager (Male) |
| 4:24 | Queue | Villager (Male) |
| 4:24 | Queue | Villager (Male) |
| 4:27 | Build | House |
| 4:29 | Build | Palisade Wall |
| 4:36 | Build | Mill |
| 4:42 | Queue | Villager (Male) |
| 5:34 | Queue | Villager (Male) |
| 5:56 | Build | House |
| 5:58 | Build | Palisade Wall |
| 6:12 | Queue | Villager (Male) |
| 6:30 | Queue | Villager (Male) |
| 6:44 | Build | Mill |
| 6:54 | Queue | Villager (Male) |
| 7:05 | Queue | Villager (Male) |
| 7:26 | Queue | Villager (Male) |
| 7:54 | Queue | Villager (Male) |
| 8:15 | Research | Loom |
| 8:26 | Build | Mining Camp |
| 8:43 | Queue | Villager (Male) |
| 8:43 | Research | Loom |
| 9:06 | Build | Barracks |
| 9:14 | Research | Feudal Age |
| 9:26 | Build | House |
| 9:27 | Build | Palisade Wall |
| 10:07 | Queue | Villager (Male) |
| 10:45 | Build | Palisade Wall |
| 10:46 | Build | Palisade Wall |
| 11:04 | Build | Lumber Camp |
| 11:46 | Age | Feudal Age |
| 11:50 | Build | Archery Range |
| 11:51 | Research | Double-Bit Axe |
| 11:53 | Queue | Villager (Male) |
| 12:13 | Build | House |
| 12:15 | Queue | Villager (Male) |
| 12:32 | Queue | Villager (Male) |
| 12:39 | Queue | Villager (Male) |
| 12:43 | Queue | Archer |
| 12:55 | Queue | Archer |
| 12:57 | Build | House |
| 13:26 | Queue | Villager (Male) |
| 13:37 | Queue | Archer |
| 13:49 | Queue | Villager (Male) |
| 14:05 | Queue | Villager (Male) |
| 14:15 | Queue | Archer |
| 14:17 | Queue | Villager (Male) |
| 14:32 | Queue | Villager (Male) |
Build order — MatzeAoE
46 actions detected in the replay
| 0:01 | Queue | Villager (Male) |
| 0:01 | Queue | Villager (Male) |
| 0:02 | Build | House |
| 0:04 | Build | House |
| 0:09 | Queue | Villager (Male) |
| 0:09 | Queue | Villager (Male) |
| 1:28 | Queue | Villager (Male) |
| 1:58 | Queue | Villager (Male) |
| 1:58 | Queue | Villager (Male) |
| 2:16 | Queue | Villager (Male) |
| 2:50 | Queue | Villager (Male) |
| 2:57 | Queue | Villager (Male) |
| 3:28 | Queue | Villager (Male) |
| 3:42 | Queue | Villager (Male) |
| 4:25 | Queue | Villager (Male) |
| 4:30 | Build | House |
| 4:32 | Research | Loom |
| 4:37 | Queue | Villager (Male) |
| 4:59 | Queue | Villager (Male) |
| 5:14 | Queue | Villager (Male) |
| 5:14 | Queue | Villager (Male) |
| 5:38 | Queue | Villager (Male) |
| 5:44 | Queue | Villager (Male) |
| 5:47 | Queue | Villager (Male) |
| 6:13 | Queue | Villager (Male) |
| 6:41 | Queue | Villager (Male) |
| 6:51 | Build | House |
| 6:57 | Build | Lumber Camp |
| 7:10 | Queue | Villager (Male) |
| 7:19 | Queue | Villager (Male) |
| 7:43 | Queue | Villager (Male) |
| 8:01 | Build | House |
| 8:14 | Queue | Villager (Male) |
| 8:33 | Queue | Villager (Male) |
| 9:38 | Build | Mill |
| 10:07 | Build | Town Center |
| 10:49 | Queue | Villager (Male) |
| 10:49 | Queue | Villager (Male) |
| 11:01 | Queue | Villager (Male) |
| 11:25 | Queue | Villager (Male) |
| 11:54 | Queue | Villager (Male) |
| 12:25 | Build | House |
| 12:27 | Queue | Villager (Male) |
| 12:33 | Build | House |
| 12:59 | Queue | Villager (Male) |
| 13:50 | Queue | Villager (Male) |
Match timeline
| 4:29 | Villese · wall_segment Palisade Wall x5 |
| 5:58 | Villese · wall_segment Palisade Wall x6 |
| 9:06 | Villese · first_building Barracks |
| 9:27 | Villese · wall_segment Palisade Wall x1 |
| 10:45 | Villese · wall_segment Palisade Wall x1 |
| 10:46 | Villese · wall_segment Palisade Wall x1 |
| 11:46 | Villese · age_up feudal |
| 11:50 | Villese · first_building Archery Range |
| 15:10 | MatzeAoE · resign |
[ AI ANALYSIS · 1 CREDIT ]
What really happened in this match?
Wolo.gg analyzes every decision: build order, eco, micro, common mistakes by bracket. Personalized analysis on WhatsApp or Discord in 30 seconds.
Civ guide
Malians
Perfil
Jugador #208611